 Dungeon Crawl Stone Soup version 0.20-a0-792-g09bcfd3 (webtiles) character file.

162578 krabocopter the Stormcaller (level 17, -18/85 HPs)
             Began as a Deep Elf Air Elementalist on Feb 26, 2017.
             Was a High Priest of Sif Muna.
             Killed from afar by a merfolk aquamancer (40 damage)
             ... with a torrent of water
             ... on level 2 of the Shoals on Feb 28, 2017.
             The game lasted 04:29:06 (52480 turns).

krabocopter the Stormcaller (DEAE)                 Turns: 52480, Time: 04:29:08

Health: -18/85     AC: 14    Str: 11    XL:     17   Next: 22%
Magic:  8/35       EV: 19    Int: 36    God:    Sif Muna [*****.]
Gold:   1846       SH:  4    Dex: 19    Spells: 4/41 levels left

rFire    + . .     SeeInvis +   Q - staff of air
rCold    . . .     Gourm    .   q - +4 robe of Augmentation {Str+4 Int+4 Dex+4}
rNeg     + . .     Faith    .   (no shield)
rPois    .         Spirit   .   M - +2 hat {SInv}
rElec    +         Reflect  +   f - +0 cloak
rCorr    .         Harm     .   U - +0 pair of gloves
MR       +....     Clarity  +   c - +1 pair of boots
Stlth    +++.......             J - +4 amulet of reflection
Regen    0.3/turn               n - ring of Absolutism {rN+ Str+2 Int+4}
MPRegen  0.3/turn               a - ring of wizardry

@: lethally poisoned (-18 -> -57), invisible
A: iridescent scales 1, clarity, fire resistance 1, frail 1, mutation resistance
1
a: Divine Energy, Channel Magic, Forget Spell, Renounce Religion


You were on level 2 of the Shoals.
You worshipped Sif Muna.
Sif Muna was extremely pleased with you.
You were not hungry.

You visited 5 branches of the dungeon, and saw 26 of its levels.
You also visited: Volcano.

You collected 2945 gold pieces.
You spent 1099 gold pieces at shops.

Inventory:

Hand Weapons
 y - a +0 blowgun
 Y - a +4 scimitar of flaming
Missiles
 W - 7 curare-tipped needles
Armour
 c - a +1 pair of boots (worn)
 f - a +0 cloak (worn)
 q - the +4 robe of Augmentation (worn) {Str+4 Int+4 Dex+4}
   (You bought it in a shop on level 2 of the Orcish Mines)

   It affects your strength (+4).
   It affects your intelligence (+4).
   It affects your dexterity (+4).
 M - a +2 hat of see invisible (worn)
 U - a +0 pair of gloves (worn)
Magical Staves
 Q - an uncursed staff of air (weapon)
Jewellery
 a - a ring of wizardry (left hand)
 n - the ring of Absolutism (right hand) {rN+ Str+2 Int+4}
   (You bought it in a shop on level 7 of the Dungeon)

   [ring of positive energy]

   It affects your strength (+2).
   It affects your intelligence (+4).
   It protects you from negative energy.
 E - a +3 ring of protection
 G - an uncursed ring of fire
 J - a +4 amulet of reflection (around neck)
Wands
 o - a wand of polymorph (13/24)
 t - a wand of disintegration (6/24)
 z - a wand of digging (19/24)
 K - a wand of acid (11/15)
Scrolls
 d - 4 scrolls of immolation
 e - 2 scrolls of fog
 g - 3 scrolls of teleportation
 k - 3 scrolls of enchant weapon
 l - 5 scrolls of recharging
 m - 5 scrolls of identify
 v - 2 scrolls of fear
 L - 10 scrolls of remove curse
 O - 5 scrolls of amnesia
 T - a scroll of silence {unknown}
Potions
 h - a potion of magic
 i - 4 potions of brilliance
 p - 3 potions of haste
 s - 2 potions of flight
 u - 10 potions of curing
 w - 2 potions of ambrosia
 B - 3 potions of might
 C - 2 potions of mutation
 H - 4 potions of heal wounds
 P - 3 potions of agility
 R - 6 potions of lignification
Books
 b - Ereshkigal's Volume of Evil Attacks
   (Sif Muna gifted it to you on level 1 of the Shoals)

   Spells                             Type                      Level
   a - Regeneration                   Charms/Necromancy            3
   b - Static Discharge               Conjuration/Air              3
   c - Stone Arrow                    Conjuration/Earth            3
   d - Force Lance                    Conjuration/Translocation    4
   e - Freezing Cloud                 Conjuration/Ice/Air          6
   f - Orb of Destruction             Conjuration                  7
   g - Death's Door                   Charms/Necromancy            8
 j - a book of Flames

   Spells                             Type                      Level
   a - Flame Tongue                   Conjuration/Fire             1
   b - Throw Flame                    Conjuration/Fire             2
   c - Conjure Flame                  Conjuration/Fire             3
   d - Inner Flame                    Hexes/Fire                   3
   e - Sticky Flame                   Conjuration/Fire             4
   f - Fireball                       Conjuration/Fire             5
 x - a book of Spatial Translocations

   Spells                             Type                      Level
   a - Blink                          Translocation                2
   b - Shroud of Golubria             Charms/Translocation         2
   c - Lesser Beckoning               Translocation                3
   d - Gell's Gravitas                Translocation                3
   e - Teleport Other                 Translocation                3
   f - Passage of Golubria            Translocation                4
 F - a book of the Warp

   Spells                             Type                      Level
   a - Gell's Gravitas                Translocation                3
   b - Portal Projectile              Hexes/Translocation          3
   c - Force Lance                    Conjuration/Translocation    4
   d - Dispersal                      Translocation                6
   e - Controlled Blink               Translocation                8
   f - Disjunction                    Translocation                8
 V - a book of the Sky

   Spells                             Type                      Level
   a - Summon Lightning Spire         Summoning/Air                4
   b - Silence                        Hexes/Air                    5
   c - Deflect Missiles               Charms/Air                   6
   d - Conjure Ball Lightning         Conjuration/Air              6
   e - Tornado                        Air                          9
 Z - Sif Muna's Compendium of Blows and Bruises and the Snowflakes
   (Sif Muna gifted it to you on level 14 of the Dungeon)

   Spells                             Type                      Level
   a - Sting                          Conjuration/Poison           1
   b - Lightning Bolt                 Conjuration/Air              5
   c - Glaciate                       Conjuration/Ice              9
Miscellaneous
 D - a fan of gales
Comestibles
 r - 8 meat rations
 N - 14 royal jellies


   Skills:
 - Level 6.8 Fighting
 - Level 8.5 Dodging
 - Level 5.0 Stealth
   Level 2.9 Shields
 - Level 12.8 Spellcasting
 - Level 15.0 Conjurations
 - Level 3.8 Hexes
 - Level 4.2 Charms
 - Level 7.9 Translocations
   Level 3.1 Fire Magic
 + Level 18.0 Air Magic
 - Level 10.0 Invocations


You had 4 spell levels left.
You knew the following spells:

 Your Spells              Type           Power        Failure   Level  Hunger
a - Shock                 Conj/Air       ####         0%          1    None
b - Swiftness             Chrm/Air       ########     1%          2    None
c - Airstrike             Air            ########..   0%          4    None
d - Lightning Bolt        Conj/Air       ########..   1%          5    None
e - Force Lance           Conj/Tloc      #######.     1%          4    None
f - Blink                 Tloc           N/A          1%          2    None
g - Orb of Destruction    Conj           #######...   1%          7    #####..
h - Tukima's Dance        Hex            ######..     1%          3    None
i - Tornado               Air            ########..   47%         9    #######


Dungeon Overview and Level Annotations

Branches:
Dungeon (15/15)            Temple (1/1) D:6            Lair (6/6) D:9
 Shoals (2/4) Lair:4       Spider (0/4) Lair:3        Slime (0/5) Lair:6
    Orc (2/2) D:9             Elf (0/3) Orc:2        Vaults (0/5) D:14
 Depths (0/5) D:15

Altars:
Ashenzari
Cheibriados
Dithmenos
Elyvilon
Fedhas
Gozag
Hepliaklqana
Kikubaaqudgha
Makhleb
Nemelex Xobeh
Okawaru
Qazlal
Ru
Sif Muna
Trog
Uskayaw
Vehumet
Wu Jian
Xom
Yredelemnul
Zin
The Shining One
Jiyva

Shops:
D:7 =   D:11 [   Orc:2 =([?

Annotations:
D:5 exclusion: door
D:6 1 exclusion
D:9 exclusion: ice statue
Lair:4 exclusion: 2 doors


Innate Abilities, Weirdness & Mutations

You are partially covered in iridescent scales. (AC +2)
You possess an exceptional clarity of mind.
Your flesh is heat resistant. (rF+)
You are frail. (-10% HP)
You are somewhat resistant to further mutation.


Message History

* * * LOW HITPOINT WARNING * * *
You are knocked back by the torrent of water.
The wave splashes down.
Splash!
You fall into the shallow water.
Moving in this stuff is going to be slow.
You hear a shout!
You take 40 damage, and have 6/85 hp.
MASSIVE DAMAGE!!
Okay, then.
You feel much better.
* * * LOW HITPOINT WARNING * * *
You feel very sick.
You regained 19 hp, and now have 25/85 hp.
You fade into invisibility!
* * * LOW HITPOINT WARNING * * *
You feel very sick. The sea snake completely misses you.
The merfolk aquamancer casts a spell at you.
The torrent of water hits you!
You die...

≈≈≈≈≈≈≈≈≈≈≈≈≈
≈≈≈≈≈≈≈≈≈≈≈≈≈≈≈≈≈≈≈≈≈≈≈≈
≈≈≈≈≈≈≈≈≈≈≈≈≈≈≈≈≈≈≈≈≈≈≈≈≈
≈≈≈≈≈≈≈≈≈≈≈≈≈≈≈≈≈≈≈≈≈≈≈≈≈≈≈≈≈.
≈≈≈≈≈≈≈≈≈≈≈≈≈≈≈≈≈.<≈≈≈≈≈≈≈≈≈.#
≈.≈≈≈≈≈≈≈≈≈≈≈≈≈......≈≈≈≈≈≈.#
..≈≈≈≈≈≈≈≈≈≈≈≈≈≈≈≈≈.≈≈≈.≈≈≈.#
≈......≈≈≈≈≈≈≈≈≈..≈≈≈≈≈..≈≈.####
≈.####....≈≈≈≈≈.@.≈≈≈≈≈..≈≈≈....≈
≈## ###.≈≈≈≈≈..S.≈≈≈≈≈.≈≈≈≈≈≈≈≈≈
≈# #.≈≈≈≈≈...E##m)..≈≈≈≈≈≈≈≈≈ .#
#.≈≈≈≈...((..((...≈≈≈≈≈≈≈≈ ##
#..≈≈..≈..........≈≈≈≈≈≈≈≈ #
#..###...≈≈≈≈≈.≈≈........≈≈≈≈≈
###...###...≈≈≈≈≈≈≈........P≈≈≈..
.......##.≈≈≈≈≈≈≈≈..#.##...≈≈≈.#
≈......##.≈≈≈≈≈≈≈≈.######..≈≈≈.#


You could see a sea snake, a merfolk aquamancer and a water elemental.

Vanquished Creatures
  A caustic shrike (shapeshifter) (D:14)
  Gastronok (Orc:1)
  A very ugly thing (D:13)
  An entropy weaver (Lair:5)
  A merfolk javelineer (Shoals:1)
  An ettin (Orc:1)
  A fire dragon (Lair:3)
  A great orb of eyes (D:13)
  Erolcha (Orc:1)
  8 vault guards (D:14)
  8 hydras
  A catoblepas (D:13)
  An alligator (shapeshifter) (D:15)
  A centaur warrior (Orc:2)
  6 two-headed ogres
  Sonja (D:15)
  A fire crab (shapeshifter) (D:13)
  4 skeletal warriors (D:15)
  A sea snake (Shoals:1)
  3 unseen horrors
  2 lindwurms (Volcano)
  2 orc knights (Orc:2)
  5 harpies (Shoals:1)
  4 orc sorcerers
  A wolf spider (Lair:6)
  A deep elf mage (D:12)
  4 manticores
  A salamander (shapeshifter) (D:15)
  26 elephants
  7 cyclopes
  Maurice (Orc:1)
  4 fauns (Shoals:1)
  2 merfolk sirens (Shoals:1)
  A guardian serpent (Lair:6)
  A toenail golem (Volcano)
  9 black mambas
  3 molten gargoyles (Volcano)
  A water nymph (Shoals:1)
  21 spiny frogs
  2 gargoyles
  3 centaur skeletons
  2 rime drakes
  A kobold demonologist (D:14)
  2 efreet (Volcano)
  A redback zombie (D:14)
  A freezing wraith (D:15)
  10 komodo dragons
  A tengu conjurer (D:13)
  5 trolls
  3 merfolk
  2 polar bears
  5 hornets
  14 dream sheep
  2 slime creatures (D:15)
  13 hippogriffs
  A meliai zombie (D:14)
  16 blink frogs
  2 snapping turtles (Shoals:1)
  3 redbacks (Lair:3)
  A vampire (D:10)
  A wraith (D:10)
  4 water elementals
  Sigmund (D:6)
  4 basilisks
  5 fire elementals
  56 yaks
  Grum (D:9)
  15 wyverns
  A steam dragon (D:13)
  5 hungry ghosts
  4 vampire mosquitoes
  3 wargs
  20 soldier ants
  27 water moccasins
  An acid dragon (D:12)
  12 porcupines
  34 orc warriors
  3 black bears
  6 sky beasts
  2 necrophages
  3 phantoms
  2 ice beasts
  14 wolves
  24 centaurs
  17 ogres
  A big kobold (D:6)
  11 crocodiles
  14 bullfrogs
  An earth elemental (Volcano)
  A gnoll sergeant (D:12)
  A wyvern skeleton (D:14)
  4 scorpions
  15 killer bees
  9 wights
  2 electric eels
  4 howler monkeys
  6 crimson imps
  3 bullfrog zombies
  2 centaur zombies
  6 jellies
  7 hounds
  19 orc priests
  Ijyb (D:3)
  2 bullfrog skeletons (D:9)
  19 orc wizards
  22 worker ants
  4 iguanas
  2 hound zombies
  2 hound skeletons
  2 worker ant zombies
  2 howler monkey skeletons
  15 gnolls
  9 adders
  4 shadow imps
  An ufetubus (D:9)
  7 oozes
  2 adder skeletons
  An adder zombie (D:7)
  3 worms (D:3)
  A dart slug (D:1)
  5 leopard geckos
  68 orcs
  6 bats
  3 giant cockroaches
  7 hobgoblins
  15 jackals
  4 quokkas
  A ball python (D:3)
  5 frilled lizards
  11 goblins
  12 kobolds
  A quokka skeleton (D:7)
  5 rats
  A bush (Lair:4)
  A fire vortex (Volcano)
  4 fungi
  3 plants
852 creatures vanquished.

Vanquished Creatures (collateral kills)
  2 merfolk impalers (Shoals:1)
  A two-headed ogre (Orc:1)
  A merfolk siren (Shoals:2)
  2 orc warriors
  An orc wizard (Orc:1)
  2 orcs
9 creatures vanquished.

Vanquished Creatures (others)
  A dancing weapon (Orc:1)
  An orc warrior (Orc:2)
  A centaur (D:11)
  2 fire vortices
  50 fungi
  49 plants
104 creatures vanquished.

Grand Total: 965 creatures vanquished

Notes
Turn   | Place    | Note
-------+----------+-------------------------------------------
     0 | D:1      | krabocopter the Deep Elf Air Elementalist began the quest for the Orb.
     0 | D:1      | Reached XP level 1. HP: 10/10 MP: 6/6
   347 | D:1      | Reached XP level 2. HP: 15/15 MP: 2/8
  1099 | D:2      | Reached XP level 3. HP: 17/19 MP: 5/9
  1184 | D:2      | Found a stormy altar of Qazlal.
  1434 | D:3      | Learned a level 2 spell: Swiftness
  1537 | D:3      | Noticed an ogre
  1593 | D:3      | Reached XP level 4. HP: 24/24 MP: 2/10
  2188 | D:3      | Reached XP level 5. HP: 28/28 MP: 1/11
  2609 | D:3      | Killed an ogre
  2609 | D:3      | Reached skill level 4 in Air Magic
  2741 | D:3      | Noticed Ijyb
  3113 | D:3      | Killed Ijyb
  3410 | D:4      | Got a jewelled shield
  3416 | D:4      | Identified the cursed +0 shield "Ebeiplue" {Stlth+} (You found it on level 4 of the Dungeon)
  3462 | D:4      | Noticed an ogre
  3469 | D:4      | Killed an ogre
  3469 | D:4      | Reached skill level 5 in Stealth
  3469 | D:4      | Reached skill level 5 in Conjurations
  3469 | D:4      | Reached XP level 6. HP: 32/32 MP: 4/12
  3530 | D:4      | Learned a level 4 spell: Airstrike
  4524 | D:5      | Entered Level 5 of the Dungeon
  4874 | D:5      | Reached skill level 5 in Air Magic
  4961 | D:5      | Reached XP level 7. HP: 31/36 MP: 8/13
  6000 | D:6      | Reached skill level 6 in Air Magic
  6124 | D:6      | Noticed Sigmund
  6129 | D:6      | Killed Sigmund
  6129 | D:6      | Reached XP level 8. HP: 41/41 MP: 1/14
  6240 | D:6      | Found a staircase to the Ecumenical Temple.
  6420 | Temple   | Entered the Ecumenical Temple
  6590 | Temple   | Became a worshipper of Sif Muna the Loreminder
  7345 | D:7      | Reached skill level 1 in Fighting
  7501 | D:7      | Reached skill level 7 in Air Magic
  7624 | D:7      | Found Ytuhoe's Jewellery Shoppe.
  8205 | D:7      | Found a burning altar of Makhleb.
  9058 | D:7      | Bought the ring of Absolutism {rN+ Str+2 Int+4} for 435 gold pieces
  9423 | D:8      | Noticed a troll
  9513 | D:8      | Noticed a two-headed ogre
  9555 | D:8      | Reached skill level 5 in Dodging
  9555 | D:8      | Reached XP level 9. HP: 50/50 MP: 8/15
  9646 | D:8      | Reached skill level 8 in Air Magic
  9930 | D:8      | Upgraded the game from 0.20-a0-754-g13ddd6e to 0.20-a0-785-g17250f0
 10009 | D:8      | Reached * piety under Sif Muna
 10118 | D:8      | Learned a level 5 spell: Lightning Bolt
 10916 | D:8      | Killed a troll
 10916 | D:8      | Reached skill level 5 in Spellcasting
 11535 | D:9      | Reached ** piety under Sif Muna
 11940 | D:8      | Killed a two-headed ogre
 11940 | D:8      | Reached skill level 9 in Air Magic
 11940 | D:8      | Reached XP level 10. HP: 54/56 MP: 0/23
 12384 | D:9      | Noticed Grum
 12568 | D:9      | Killed Grum
 12568 | D:9      | Reached *** piety under Sif Muna
 12838 | D:9      | Learned a level 4 spell: Force Lance
 13577 | D:9      | Noticed an ice statue
 13581 | D:9      | Noticed a two-headed ogre
 13590 | D:9      | Killed a two-headed ogre
 13590 | D:9      | Reached **** piety under Sif Muna
 13590 | D:9      | Reached skill level 1 in Translocations
 13760 | D:9      | Reached skill level 10 in Air Magic
 13846 | D:9      | Found a staircase to the Lair.
 14231 | D:9      | Reached ***** piety under Sif Muna
 14231 | D:9      | Received a gift from Sif Muna
 14231 | D:9      | Reached XP level 11. HP: 60/60 MP: 26/26
 14237 | D:9      | Learned a level 2 spell: Blink
 14257 | D:9      | Noticed a two-headed ogre
 14260 | D:9      | Killed a two-headed ogre
 14333 | D:9      | Found a staircase to the Orcish Mines.
 14459 | D:10     | Entered Level 10 of the Dungeon
 14477 | D:10     | Noticed a two-headed ogre
 14478 | D:10     | Killed a two-headed ogre
 14614 | D:10     | Killed an unseen horror
 14614 | D:10     | Reached XP level 12. HP: 30/64 MP: 12/27
 16654 | D:11     | Reached skill level 1 in Shields
 17170 | D:11     | Learned a level 7 spell: Orb of Destruction
 17952 | D:11     | Identified Sif Muna's Catalogue of Dusty Execration (Sif Muna gifted it to you on level 11 of the Dungeon)
 17952 | D:11     | Received a gift from Sif Muna
 18127 | D:11     | Found Fen Wuc's Antique Armour Shop.
 18182 | D:11     | Reached skill level 5 in Fighting
 19386 | D:9      | Noticed a five-headed hydra
 19389 | D:9      | Killed a five-headed hydra
 19466 | Lair:1   | Entered Level 1 of the Lair of Beasts
 20854 | Lair:1   | Learned a level 3 spell: Tukima's Dance
 20868 | Lair:2   | Reached skill level 1 in Invocations
 20868 | Lair:2   | Reached XP level 13. HP: 76/76 MP: 8/28
 21196 | Lair:1   | Reached skill level 10 in Spellcasting
 23740 | Lair:3   | Reached skill level 5 in Invocations
 23913 | Lair:3   | Found a hole to the Spider Nest.
 25307 | Lair:3   | Found an ornate altar of the Wu Jian Council.
 25982 | Lair:3   | Noticed a fire dragon
 26121 | Lair:3   | Killed a fire dragon
 27068 | Lair:4   | Found a staircase to the Shoals.
 27126 | Lair:4   | Reached skill level 10 in Invocations
 27246 | Lair:4   | Reached skill level 11 in Air Magic
 27752 | Lair:5   | Noticed an entropy weaver
 28499 | Lair:5   | Noticed an entropy weaver
 29184 | Lair:5   | Killed an entropy weaver
 29184 | Lair:5   | Reached XP level 14. HP: 60/80 MP: 0/30
 29358 | Lair:5   | Identified Sif Muna's Reference Book on Transmigration and Malediction (Sif Muna gifted it to you on level 5 of the Lair of Beasts)
 29358 | Lair:5   | Received a gift from Sif Muna
 30752 | Lair:6   | Entered Level 6 of the Lair of Beasts
 30970 | Lair:6   | Reached skill level 12 in Air Magic
 32056 | Lair:6   | Learned a level 5 spell: Iskenderun's Battlesphere
 33967 | Lair:6   | Reached skill level 13 in Air Magic
 33987 | Lair:6   | Identified Esadghe's Collected Works on Glacial Curses (Sif Muna gifted it to you on level 6 of the Lair of Beasts)
 33987 | Lair:6   | Received a gift from Sif Muna
 34188 | Lair:6   | Found a viscous altar of Jiyva.
 34188 | Lair:6   | Found a staircase to the Slime Pits.
 34470 | Lair:6   | Gained mutation: Your flesh is heat resistant. (rF+) [mutagenic meat]
 35509 | Lair:6   | Reached skill level 15 in Conjurations
 35770 | Lair:6   | Reached XP level 15. HP: 85/85 MP: 31/31
 36404 | Orc:1    | Entered Level 1 of the Orcish Mines
 36414 | Orc:1    | Noticed Erolcha
 36416 | Orc:1    | Killed Erolcha
 36578 | Orc:1    | Noticed Gastronok
 36844 | Orc:1    | Killed Gastronok
 36844 | Orc:1    | Reached XP level 16. HP: 88/90 MP: 1/33
 37068 | Orc:1    | Found a dark tunnel.
 37083 | Volcano  | Entered a volcano
 37517 | Volcano  | Received a gift from Sif Muna
 37746 | Volcano  | Reached skill level 14 in Air Magic
 38322 | Orc:1    | Noticed Maurice
 38326 | Orc:1    | Killed Maurice
 38606 | Orc:1    | Found a bloodstained altar of Trog.
 38773 | Orc:2    | Entered Level 2 of the Orcish Mines
 39310 | Orc:1    | Upgraded the game from 0.20-a0-785-g17250f0 to 0.20-a0-792-g09bcfd3
 39942 | Orc:2    | Found a staircase to the Elven Halls.
 42172 | Orc:2    | Found Aceywker's Armour Emporium.
 42172 | Orc:2    | Found Asomp's Antique Weapon Boutique.
 42174 | Orc:2    | Found Hamadub's Jewellery Shop.
 42176 | Orc:2    | Found Pigug's Magic Scroll Shoppe.
 42188 | Orc:2    | Bought a scroll of identify for 30 gold pieces
 42191 | Orc:2    | Bought the +4 robe of Augmentation {Str+4 Int+4 Dex+4} for 634 gold pieces
 44550 | D:13     | Reached skill level 15 in Air Magic
 45407 | D:13     | Got an iridescent mace
 45408 | D:13     | Identified the +2 mace of the Whelk {crush, Str+2} (You found it on level 13 of the Dungeon)
 45421 | D:13     | Learned a level 9 spell: Tornado
 45629 | D:14     | Identified Sif Muna's Compendium of Blows and Bruises and the Snowflakes (Sif Muna gifted it to you on level 14 of the Dungeon)
 45629 | D:14     | Received a gift from Sif Muna
 46149 | D:14     | Reached skill level 16 in Air Magic
 46156 | D:14     | Found a gate to the Vaults.
 46656 | D:14     | Gained mutation: You are frail. (-10% HP) [mutagenic meat]
 46657 | D:14     | Gained mutation: You possess an exceptional clarity of mind. [mutagenic meat]
 46658 | D:14     | Gained mutation: You are somewhat resistant to further mutation. [mutagenic meat]
 46660 | D:14     | Gained mutation: You are partially covered in iridescent scales. (AC +2) [mutagenic meat]
 46890 | D:14     | Noticed a caustic shrike
 46890 | D:14     | an iron dragon changed into a caustic shrike
 46893 | D:14     | Killed a caustic shrike
 47226 | D:15     | Entered Level 15 of the Dungeon
 48026 | D:15     | Noticed Sonja
 48037 | D:15     | Killed Sonja
 48654 | D:15     | Reached skill level 17 in Air Magic
 48885 | D:15     | Found a staircase to the Depths.
 49304 | D:15     | Reached XP level 17. HP: 85/85 MP: 25/35
 49941 | Shoals:1 | Entered Level 1 of the Shoals
 51350 | Shoals:1 | Identified Ereshkigal's Volume of Evil Attacks (Sif Muna gifted it to you on level 1 of the Shoals)
 51350 | Shoals:1 | Received a gift from Sif Muna
 52467 | Shoals:2 | Reached skill level 18 in Air Magic
 52480 | Shoals:2 | Killed from afar by a merfolk aquamancer

Vault maps used:
D:1:      lemuel_arrival_broad_hall, minmay_misc_feat_ornament,
          serial_park_tiny_pond
D:2:      nicolae_qazlal_general_emergency
D:3:      kennysheep_goblin_castle
D:4:      serial_co_window_serial, co_window_paths_a, co_window_paths_b,
          co_window_paths_a, co_window_paths_b, co_window_of_opportunity_a,
          co_window_paths_b, co_window_corner_a, co_window_cross_2,
          co_window_broadway_b, co_window_broadway_b, co_window_2corner,
          co_window_paths_c, co_window_corner_b, glass_columns_c,
          glass_columns_a, glass_columns_b
D:5:      first_bread
D:6:      lexackson_kobold_supper, uniq_sigmund
D:7:      makhleb_blood_cavern_becter, serial_shops, shop,
          kennysheep_pointless_box
D:8:      hangedman_little_slice_of_home, minmay_radiant
D:9:      cheibrodos_frozen_isle, grunt_lair_entry_orc_guard_hut, orc_0_dummy,
          uniq_grum
D:11:     serial_shops, shop
D:13:     minmay_hollow_rounded_squares
D:14:     erik_vaults_2, lab_entry_generic,
          hangedman_abyss_or_decor_lesser_grid, nicolae_two_hexagons
D:15:     hangedman_depths_entry_try_elsewhere_first,
          minmay_misc_feat_more_columns, uniq_sonja
Temple:   roderic_octagonal_lattice_temple
Lair:1:   serial_bayou_shore_a
Lair:2:   special_room, beast_lair_carwin_5, grunt_megastairs_2
Lair:3:   dragon1_lemuel, spider_nest_entry_webs, basic_altar
Lair:4:   minmay_shoals_entry_beasts, portal_ice_cave_demonic_guard
Lair:5:   zaba_anthell
Lair:6:   hangedman_lair_tendril_chambers, slime_altar_1
Shoals:2: nicolae_shoals_stone_sculpture_thing, nicolae_shoals_water_shrine
Orc:1:    enter_volcano_4, nicolae_orc_lava_tube, bloody_trog, uniq_erolcha,
          uniq_maurice, uniq_gastronok
Orc:2:    st_orc_rangers
Volcano:  volcano_aerie

Skill      XL: |  1  2  3  4  5  6  7  8  9 10 11 12 13 14 15 16 17 |
---------------+----------------------------------------------------+-----
Conjurations   | 2 3 5 7 8 11 12 13 15 | 15.0
Stealth        | 3 4 5 |  5.0
Air Magic      | 4 5 6 7 9 10 11 13 17 18 | 18.0
Fighting       | 3 6 |  6.8
Dodging        | 5 8 |  8.5
Spellcasting   | 7 9 10 11 12 | 12.8
Translocations | 7 |  7.9
Shields        | 2 |  2.9
Invocations    | 1 10 | 10.0
Hexes          | 3 |  3.8
Charms         | 4 |  4.2
Fire Magic     | 3 |  3.1

Action                   |  1- 3 |  4- 6 |  7- 9 | 10-12 | 13-15 | 16-18 || total
-------------------------+-------+-------+-------+-------+-------+-------++-------
Melee: Dagger            |       |    27 |    50 |     4 |       |       ||    81
       Staff             |       |       |       |     6 |    32 |   117 ||   155
 Cast: Shock             |    71 |   162 |   262 |   154 |    38 |     5 ||   692
       Swiftness         |       |     3 |     1 |       |     3 |     1 ||     8
       Airstrike         |       |     3 |    48 |   142 |   258 |   170 ||   621
       Lightning Bolt    |       |       |     1 |    69 |   193 |   212 ||   475
       Force Lance       |       |       |       |     6 |    60 |    26 ||    92
       Orb of Destructio |       |       |       |     3 |    22 |    32 ||    57
       Blink             |       |       |       |       |    12 |     5 ||    17
       Iskenderun's Batt |       |       |       |       |     1 |       ||     1
       Tukima's Dance    |       |       |       |       |     5 |    22 ||    27
Invok: Divine Energy     |       |       |     2 |     2 |     4 |     3 ||    11
       Stop Divine Energ |       |       |     1 |     3 |     4 |     3 ||    11
       Channel Magic     |       |       |       |       |    12 |     5 ||    17
Evoke: Lamp of fire      |       |       |       |       |       |     1 ||     1
  Use: Scroll            |     1 |     5 |     8 |    15 |     6 |     6 ||    41
       Potion            |       |     1 |     1 |     1 |     5 |     3 ||    11
 Stab: Sleeping          |       |       |     4 |     1 |       |       ||     5
  Eat: Chunk             |     2 |     9 |    13 |    22 |    42 |    39 ||   127
       Royal jelly       |       |     1 |     1 |       |       |       ||     2
       Bread ration      |       |       |     3 |     3 |     4 |     3 ||    13
       Meat ration       |       |       |     1 |       |     2 |     3 ||     6
       Fruit             |       |       |       |       |     6 |       ||     6
Armor: Robe              |     1 |     8 |    31 |    14 |    26 |    56 ||   136
Dodge: Dodged            |     6 |    46 |    94 |    62 |   188 |   193 ||   589
Block: Other             |       |       |     6 |    16 |    41 |    31 ||    94
       Reflection        |       |       |       |     3 |       |     7 ||    10
